 Dungeon Crawl Stone Soup version 0.30.1-11-g7821555f0a (webtiles) character file.

Game seed: 12693919894195525696

978 Martska the Trooper (level 7, 5/59 HPs)
             Began as a Demonspawn Fighter on Dec 13, 2023.
             Quit the game on level 5 of the Dungeon.
             The game lasted 00:04:52 (4965 turns).

Martska the Trooper (Demonspawn Fighter)            Turns: 4965, Time: 00:04:53

Health: 5/59       AC:  8    Str: 24    XL:     7   Next: 95%
Magic:  7/7        EV: 14    Int: 16    God:
Gold:   174        SH:  4    Dex: 12    Spells: 6/6 levels left

rFire   . . .        a - +0 war axe
rCold   . . .        c - +0 buckler
rNeg    . . .        b - +0 scale mail
rPois   .            z - +0 helmet
rElec   .            (no cloak)
rCorr   .            (no gloves)
SInv    .            (no boots)
Will    .....        (no amulet) Stlth
                     j - +6 ring of strength
HPRegen 0.29/turn    h - +6 ring of intelligence
MPRegen 0.10/turn

%: no passive effects
@: lethally poisoned (5 -> -11)
A: repulsion field 2, demonic guardian 1
a: no special abilities


You were on level 5 of the Dungeon.
You visited 2 branches of the dungeon, and saw 7 of its levels.

You collected 174 gold pieces.

Inventory:

Hand Weapons
 a - a +0 war axe (weapon)
Missiles
 p - 2 throwing nets (quivered)
Armour
 b - a +0 scale mail (worn)
 c - a +0 buckler (worn)
 z - a +0 helmet (worn)
 A - a +0 plate armour
Jewellery
 h - a +6 ring of intelligence (right hand)
 j - a +6 ring of strength (left hand)
 m - a ring of wizardry
 u - a ring of magical power
Wands
 y - a wand of polymorph (7)
Scrolls
 d - a scroll of torment {unknown}
 e - 2 scrolls of vulnerability {unknown}
 g - a scroll of enchant armour {unknown}
 i - 2 scrolls of blinking {unknown}
 k - 2 scrolls of immolation {unknown}
 l - a scroll of noise {unknown}
 n - 7 scrolls of identify {unknown}
 q - 2 scrolls of teleportation {unknown}
 r - 3 scrolls of poison {unknown}
 s - a scroll of fog {unknown}
 t - a scroll of brand weapon {unknown}
 v - a scroll of enchant weapon {unknown}
 w - 2 scrolls of fear {unknown}
Potions
 f - a potion of resistance {unknown}
 o - 2 potions of mutation {unknown}
 x - a potion of cancellation {unknown}


   Skills:
 * Level 6.4 Fighting
 - Level 1.7 Axes
 + Level 4.6 Armour
 * Level 5.0 Dodging
 - Level 2.9 Shields


You had 6 spell levels left.
You didn't know any spells.
Your spell library contained the following spells:

 Spells                   Type           Power      Damage    Failure   Level
 Apportation              Tloc           0%         N/A       56%         1
 Magic Dart               Conj           0%         1d3       56%         1
 Necrotise                Necr           0%         1d4       56%         1
 Call Imp                 Summ           0%         N/A       71%         2
 Mephitic Cloud           Conj/Pois/Air  0%         N/A       91%         3
 Vampiric Draining        Necr           0%         2d6       91%         3
 Agony                    Necr           0%         N/A       100%        5
 Dispersal                Tloc           0%         N/A       100%        6
 Malign Gateway           Summ/Tloc      0%         N/A       100%        7


Dungeon Overview and Level Annotations

Branches:
Dungeon (6/15)             Temple (1/1) D:5

Altars:
Cheibriados
Dithmenos
Fedhas
Gozag
Hepliaklqana
Kikubaaqudgha
Makhleb
Nemelex Xobeh
Ru
Sif Muna
Trog
Vehumet
Wu Jian
Xom
Yredelemnul


Innate Abilities, Weirdness & Mutations

You are surrounded by a moderate repulsion field. (EV +3)
A weak demonic guardian rushes to your aid.


Message History

The killer bee barely misses you.
You feel sick. The killer bee misses you. The killer bee closely misses you.
You feel sick. The killer bee stings you.
You are more poisoned.
The killer bee poisons you! The killer bee misses you.
The killer bee attacks as you move away!
The killer bee misses you.
The killer bee attacks as you move away!
The killer bee closely misses you.
You feel very sick. The killer bee stings you.
The killer bee closely misses you. You block the killer bee's attack.
The killer bee barely misses you.
The killer bee attacks as you move away!
You block the killer bee's attack.
The killer bee attacks as you move away!
The killer bee barely misses you.
The killer bee attacks as you move away!
The killer bee barely misses you.
You feel sick. The killer bee stings you.
You are more poisoned.
The killer bee poisons you! The killer bee misses you.
The killer bee stings you.
A demonic guardian appears!
You feel very sick. The killer bee stings you.
* * * LOW HITPOINT WARNING * * *
You are more poisoned.
The killer bee poisons you!
Your shadow imp gestures at the killer bee.
The killer bee barely resists.
You swap places.
* * * LOW HITPOINT WARNING * * *
You feel very sick.
The killer bee completely misses your shadow imp.
The killer bee closely misses you.
The killer bee barely misses your shadow imp.
The killer bee barely misses you.
The killer bee closely misses your shadow imp. x2
Your shadow imp completely misses the killer bee.
Unknown command.
Unknown command.
Are you sure you want to abandon this character and quit the game? (Confirm with "yes".)

#........#
#........#
##.....###
#.....#
#>..#.#
#.###.##
### #..#
#..##
#@..#
#5y.##
##yy..#
#.....##
#......#
#....#..#
#.J..#..#
#....##..#
....<..#
#.#


You could see a jelly, 3 killer bees and a friendly shadow imp (summoned).

Vanquished Creatures
  2 black bears
  A phantom (D:5)
  A scorpion (D:5)
  A hound (D:4)
  2 orc priests
  A sleepcap (D:5)
  An iguana (D:5)
  2 gnolls (D:2)
  8 adders
  4 shadow imps
  A white imp (D:5)
  3 dart slugs
  11 orcs
  8 endoplasms
  5 giant cockroaches
  6 goblins
  7 hobgoblins
  6 jackals (D:4)
  5 quokkas
  A ball python (D:2)
  7 bats
  4 frilled lizards
  A kobold (D:4)
  7 rats
95 creatures vanquished.

Vanquished Creatures (collateral kills)
  Prince Ribbit (D:5)
  A centaur (D:4)
  2 gnolls (D:2)
  An orc (D:5)
  An endoplasm (D:2)
  A frilled lizard (D:2)
  A goblin (D:4)
8 creatures vanquished.

Grand Total: 103 creatures vanquished

Notes
Turn   | Place    | Note
-------+----------+-------------------------------------------
     0 | D:1      | Martska the Demonspawn Fighter began the quest for the Orb.
     0 | D:1      | Reached XP level 1. HP: 18/18 MP: 1/1
    69 | D:1      | Gained mutation: A weak demonic guardian rushes to your
                  | aid. [demonic ancestry]
    69 | D:1      | Reached XP level 2. HP: 21/24 MP: 2/2
   215 | D:1      | Reached skill level 1 in Dodging
   646 | D:2      | Reached XP level 3. HP: 27/29 MP: 3/3
   851 | D:2      | Gained mutation: You are surrounded by a mild repulsion
                  | field. (EV +2) [demonic ancestry]
   851 | D:2      | Reached XP level 4. HP: 31/37 MP: 4/4
   977 | D:2      | Reached skill level 4 in Fighting
  1435 | D:3      | Reached XP level 5. HP: 4/42 MP: 5/5
  2352 | D:3      | Identified the +4 dagger "Rusus" {flame, Fragile +Blink rC+
                  | Dex+4}
  2763 | D:4      | Noticed a centaur
  2774 | D:4      | Killed a centaur
  2775 | D:4      | Reached XP level 6. HP: 26/50 MP: 6/6
  2988 | D:4      | Reached skill level 5 in Fighting
  3058 | D:4      | Got the Anthology of Pestilent Transportation
  3442 | D:5      | Entered Level 5 of the Dungeon
  3566 | D:6      | Noticed an ice beast
  3713 | D:5      | Gained mutation: You are surrounded by a moderate repulsion
                  | field. (EV +3) [demonic ancestry]
  3713 | D:5      | Reached XP level 7. HP: 37/56 MP: 7/7
  3787 | D:5      | Found a staircase to the Ecumenical Temple.
  3860 | Temple   | Entered the Ecumenical Temple
  4752 | D:5      | Noticed Prince Ribbit
  4760 | D:5      | Reached skill level 6 in Fighting
  4762 | D:5      | Killed Prince Ribbit
  4763 | D:5      | Reached skill level 5 in Dodging
  4965 | D:5      | Quit the game

Illustrated notes

Levels and vault maps discovered:
D:1:      tarquinn_simple_flora_water_e, layout_rooms,
          minmay_misc_feat_secret_circle, chequers_serial_rivers_micro_c,
          grunt_decor_one_mirror, nicolae_titane
D:2:      layout_basic
D:3:      layout_basic
D:4:      layout_loops_ring
D:5:      layout_cave_pods, minmay_temple_entry_drinking_statues,
          uniq_prince_ribbit1
D:6:      minmay_thinvault, layout_loops_ring, jmf_multi_god_temple2,
          serial_shops, shop, minmay_guarded_unrand_staff_of_olgreb,
          uniq_blork_the_orc, uniq_maggie, uniq_grinder, uniq_edmund
Temple:   minmay_temple_bridge_d

Skill      XL: |  1  2  3  4  5  6  7 |
---------------+----------------------+-----
Dodging        | 1 2 3 5 |  5.0
Armour         | 3 4 |  4.6
Fighting       | 4 5 6 |  6.4
Axes           | |  1.7
Shields        | |  2.9

Action                     |  1- 3 |  4- 6 |  7- 9 || total
---------------------------+-------+-------+-------++-------
  Melee: War axe           |    75 |   220 |    24 ||   319
    Use: Potion            |       |       |     1 ||     1
 Armour: Scale mail        |    25 |   105 |    11 ||   141
  Dodge: Dodged            |    42 |   168 |    31 ||   241
  Block: Buckler           |    14 |    52 |    16 ||    82
